 Dungeon Crawl Stone Soup version 0.25.0-10-g039870ee82 (webtiles) character file.

Game seed: 7283924293444813546

107 Esekla the Magician (level 4, -3/32 HPs)
             Began as a Barachi Wizard on June 22, 2020.
             Slain by an orc
             ... wielding a +0 mace
              (10 damage)
             ... on level 3 of the Dungeon.
             The game lasted 00:24:18 (2969 turns).

Esekla the Magician (Barachi Wizard)                Turns: 2969, Time: 00:24:19

Health: -3/32      AC:  2    Str:  8    XL:     4   Next: 86%
Magic:  5/10       EV: 12    Int: 19    God:
Gold:   80         SH:  0    Dex: 11    Spells: 1/11 levels left

rFire    . . .     SeeInvis +   a - +0 falchion
rCold    . . .     Gourm    .   (no shield)
rNeg     . . .     Faith    .   l - +0 robe
rPois    .         Spirit   .   b - +0 hat
rElec    .         Reflect  .   (no cloak)
rCorr    .         Harm     .   (no gloves)
MR       .....                  (no boots)
Stlth    ++........             (no amulet)
HPRegen  0.10/turn              n - ring of see invisible
MPRegen  0.12/turn              (no ring)

@: very slightly contaminated, slow
A: +LOS, swims, slowness 1, strong legs 1
a: Hop


You were on level 3 of the Dungeon.
You were hungry.

You visited 1 branch of the dungeon, and saw 3 of its levels.

You collected 80 gold pieces.

Inventory:

Hand Weapons
 a - a +0 falchion (weapon)
 g - a +0 spear
 s - a +0 short sword
Missiles
 m - 6 poisoned darts (quivered)
Armour
 b - a +0 hat (worn)
 l - a +0 robe (worn)
Jewellery
 n - a ring of see invisible (left hand)
Scrolls
 c - 2 scrolls of teleportation {unknown}
 e - a scroll of immolation {unknown}
 f - a scroll of fog {unknown}
 h - a scroll of remove curse {unknown}
 i - 2 scrolls of amnesia {unknown}
 o - 2 scrolls of identify {unknown}
Potions
 j - a potion of haste {unknown}
 k - a potion of curing {unknown}
Comestibles
 d - 4 rations


   Skills:
 * Level 1.6 Fighting
 + Level 0.4(1.0) Short Blades
 * Level 1.4(1.5) Long Blades
 + Level 2.4 Dodging
 - Level 1.7 Stealth
 * Level 4.2 Spellcasting
 * Level 2.0 Conjurations
   Level 1.2 Summonings
 + Level 1.1 Translocations
 * Level 1.4 Air Magic
 * Level 0.5 Poison Magic


You had one spell level left.
You knew the following spells:

 Your Spells              Type           Power        Failure   Level  Hunger
a - Apportation           Tloc           #.....       9%          1    None
b - Blink                 Tloc           N/A          13%         2    ##.....
c - Mephitic Cloud        Conj/Pois/Air  #.......     24%         3    ###....
d - Magic Dart            Conj           ##..         6%          1    None
f - Conjure Flame         Conj/Fire      #.......     26%         3    ###....

Your spell library contained the following spells:

 Spells                   Type           Power        Failure   Level  Hunger
 Summon Small Mammal      Summ           #...         9%          1    None
 Animate Skeleton         Necr           N/A          14%         1    None
 Corona                   Hex            #......      14%         1    None
 Call Imp                 Summ           #.......     12%         2    ##.....
 Slow                     Hex            #.......     21%         2    ##.....


Dungeon Overview and Level Annotations

Branches:
Dungeon (3/15)

Altars:
The Shining One

Annotations:
D:2 1 runed translucent door, Crazy Yiuf


Innate Abilities, Weirdness & Mutations

You can be seen from farther away. (+LOS)
You can swim through water.
You cover ground slowly.
You can hop short distances.


Message History

You miscast Magic Dart.
You are very lightly contaminated with residual magic.
Nothing appears to happen.
The orc hits you with a +0 mace.
* * * LOW HITPOINT WARNING * * *
Casting: Magic Dart (safe; 6% risk of failure)
Confirm with . or Enter, or press ? or * to list all spells.
Aiming: Magic Dart (safe; 6% risk of failure)
Press: ? - help, Shift-Dir - straight line, f/p - orc
Aim: an orc, wielding a +0 mace, wearing a +0 scale mail and quivering 7 stones (severely wounded)
The magic dart hits the orc but does no damage.
The orc is severely wounded.
Casting: Magic Dart (safe; 6% risk of failure)
Confirm with . or Enter, or press ? or * to list all spells.
Aiming: Magic Dart (safe; 6% risk of failure)
Press: ? - help, Shift-Dir - straight line, f/p - orc
Aim: an orc, wielding a +0 mace, wearing a +0 scale mail and quivering 7 stones (severely wounded)
The magic dart hits the orc but does no damage.
The orc is severely wounded.
The orc hits you with a +0 mace!
You die...

#........# #........#
#..%.....# #.# #.###
###### #.(.#
.........#†#############
########.#.##.....(....#
#.#..#..o@..)...# #####
#.##>#..........# ..o.#
#.##.(..........# ###o#
##g###...........# ##
..................# .#
##..#.............# .#
#. #.##.(........#
.####...#.. #..........#
..........# #..(.......#


You could see an orc.

Vanquished Creatures
  A hound (D:3)
  An adder (D:2)
  2 oozes
  2 worms (D:2)
  2 dart slugs
  7 orcs
  2 ball pythons (D:2)
  5 bats
  2 giant cockroaches
  5 goblins
  2 hobgoblins (D:3)
  2 quokkas
  6 kobolds
  5 rats
44 creatures vanquished.

Notes
Turn   | Place    | Note
-------+----------+-------------------------------------------
     0 | D:1      | Esekla the Barachi Wizard began the quest for the Orb.
     0 | D:1      | Reached XP level 1. HP: 13/13 MP: 4/4
   208 | D:1      | Found a glowing golden altar of the Shining One.
   257 | D:1      | Reached XP level 2. HP: 16/19 MP: 3/6
   286 | D:1      | Learned a level 2 spell: Blink
   724 | D:2      | Reached skill level 1 in Fighting
   830 | D:2      | Found a runed translucent door.
   831 | D:2      | Noticed Crazy Yiuf
   890 | D:2      | Reached XP level 3. HP: 24/26 MP: 1/8
   895 | D:2      | Learned a level 3 spell: Mephitic Cloud
   899 | D:2      | Learned a level 3 spell: Conjure Flame
  1215 | D:3      | Reached skill level 4 in Spellcasting
  1893 | D:2      | Learned a level 1 spell: Apportation
  1922 | D:2      | Reached XP level 4. HP: 21/32 MP: 10/10
  2107 | D:3      | Reached skill level 1 in Air Magic
  2431 | D:2      | Reached skill level 1 in Long Blades
  2651 | D:3      | HP: 1/32 [orc/+0 mace (11)]
  2969 | D:3      | Slain by an orc

Illustrated notes

Levels and vault maps discovered:
D:1:      minmay_arrival_radiant_lines, layout_basic, tso_metal_star
D:2:      layout_basic, uniq_crazy_yiuf_cottage
D:3:      layout_rooms, chequers_ecumenical_altar_grove

Skill      XL: |  1  2  3  4 |
---------------+-------------+-----
Fighting       | 1 |  1.6
Spellcasting   | 4 |  4.2
Air Magic      | 1 |  1.4
Long Blades    | 1 |  1.4
Conjurations   | 2 |  2.0
Short Blades   | |  0.4
Dodging        | |  2.4
Stealth        | |  1.7
Summonings     | |  1.2
Translocations | |  1.1
Poison Magic   | |  0.5

Action                   |  1- 3 |  4- 6 || total
-------------------------+-------+-------++-------
Melee: Spear             |    12 |       ||    12
       Unarmed           |     4 |       ||     4
       Short sword       |    34 |     1 ||    35
       Dagger            |     7 |       ||     7
       Falchion          |    25 |    49 ||    74
 Cast: Magic Dart        |    67 |    15 ||    82
 Abil: Hop               |     2 |     1 ||     3
 Stab: Sleeping          |     1 |     1 ||     2
  Eat: Chunk             |     3 |       ||     3
       Ration            |       |     1 ||     1
Armor: Robe              |    17 |     8 ||    25
Dodge: Dodged            |    86 |    43 ||   129
       Rpst.: Falchion   |     9 |    13 ||    22
